Unix NetHack Version 5.0.0-0 post-release - last build Jun 10 2026 00:39:30 (3ee93aec679c4c4259841fe613dc97188e26a321,branch:main).

Game began 2026-06-17 20:50:42, ended 2026-06-17 21:05:28.

Ch3Begorrah, chaotic male human Rogue

         ---------------
         |..{...........
         |.............|
         |.........@s...
         -----------.---

Ch3Begorrah the Cutpurse  St:17 Dx:18 Co:13 In:11 Wi:10 Ch:7  Chaotic
Dlvl:6  $:87 HP:0(20) Pw:11(11) AC:6  Xp:3 T:1751 

Latest messages:
 The 1st dagger hits the floating eye.
 The 2nd dagger hits the floating eye!
 You kill the floating eye!
 $ - 6 gold pieces (82 in total).
 g - 2 +0 daggers (at the ready) (11 in total).
 $ - 5 gold pieces (87 in total).
 You can't go up here.
 You descend the stairs.
 Drink from the sink? [yn] (n) y
 You take a sip of cold water.
 You climb up the stairs.
 You try to move the boulder, but in vain.
 You hit the rothe.
 You hit the rothe.
 The rothe hits!
 The rothe bites!
 The rothe bites again!
 In what direction? h
 The dagger hits the rothe.
 The rothe just misses!
 The rothe misses!
 The rothe bites!
 What do you want to use or apply? [efilsvxTUW or ?*] s
 In what direction? h
 The rothe is frightened by its reflection.
 In what direction? h
 You throw 2 daggers.
 The 1st dagger misses.
 The 2nd dagger hits it.
 You kill it!
 g - a +0 dagger (at the ready) (9 in total).
 g - 2 +0 daggers (at the ready) (11 in total).
 You see here a rothe corpse.
 What do you want to zap? [U or ?*] ?
 A lit field surrounds you!
 The hill orc throws an orcish dagger!
 You are hit by an orcish dagger.
 The hill orc picks up a tripe ration.
 You hear someone counting gold coins.
 The hill orc picks up an orcish dagger.
 You descend the stairs.
 What do you want to drink? [dkmquY or ?*] ?
 That was smooth!
 What do you want to drink? [dmquY or ?*] ?
 You suddenly fall asleep!
 The cave spider bites!
 The cave spider bites!
 The cave spider bites!
 You die...
 Do you want your possessions identified? [ynq] (y) q

Inventory:
 Coins    ('$')
  $ - 87 gold pieces
 Weapons  (')')
  b - a +0 dagger (weapon in right hand)
  g - 11 +0 daggers (at the ready)
  Q - a +0 orcish dagger
  a - a +0 short sword (alternate weapon; not wielded)
 Armor    ('[')
  R - an uncursed +0 orcish helm (being worn)
  c - an uncursed +1 leather armor (being worn)
 Comestibles  ('%')
  P - an uncursed slime mold
  V - an uncursed cram ration
 Scrolls  ('?')
  Z - a blessed scroll of enchant armor named ok
  p - an uncursed scroll of enchant weapon
  r - an uncursed scroll of identify named ok
  j - an uncursed scroll of magic mapping named ok
  M - a cursed scroll of remove curse named cursed
  h - an uncursed scroll of scare monster
  S - an uncursed scroll of scare monster
 Spellbooks  ('+')
  T - an uncursed spellbook of detect monsters
  l - an uncursed spellbook of healing
 Potions  ('!')
  q - an uncursed potion of gain energy
  Y - an uncursed potion of gain level
  u - an uncursed potion of healing
  d - an uncursed potion of sickness
 Rings    ('=')
  n - a cursed ring of aggravate monster named cursed
 Wands    ('/')
  U - a wand of light (0:12)
 Tools    ('(')
  f - an empty uncursed sack
  i - an uncursed bugle
  x - an uncursed leash
  e - an uncursed lock pick
  W - an uncursed magic whistle
  s - an uncursed mirror
  v - an uncursed towel
 Gems/Stones  ('*')
  o - an uncursed amethyst stone
  w - an uncursed worthless piece of yellowish brown glass

Ch3Begorrah the Rogue's attributes:

Background:
 You were a Cutpurse, a level 3 male human Rogue.
 You were chaotic, nominally on a mission for Kos
 who was opposed by Issek (lawful) and Mog (neutral).
 You were right-handed.
 You were in the Dungeons of Doom, on level 6.
 You entered the dungeon 1751 turns ago.
 There was a new moon in effect when your adventure ended.
 You had 65 experience points, 15 more were needed to attain level 4.

Basics:
 You had 0 out of 20 hit points.
 You had all 11 energy points (spell power).
 Your armor class was 6.
 Your wallet contained 87 zorkmids.
 Autopickup was on for '$!/(' plus thrown, with exceptions.

Final Characteristics:
 Your strength was 17 (limit:18/100).
 Your dexterity was 18 (limit:18).
 Your constitution was 13 (limit:18).
 Your intelligence was 11 (limit:18).
 Your wisdom was 10 (limit:18).
 Your charisma was 7 (limit:18).

Final Status:
 You weren't hungry.
 You were unencumbered.
 You were wielding a dagger.
 You had basic skill with dagger.

Final Attributes:
 You were devoutly aligned.
 You were stealthy.
 You were warded.
 You are dead.

Miscellaneous:
 You didn't encounter any bones levels.
 Total elapsed playing time was 14 minutes and 46 seconds.

Major events:
 Turn
    1: Ch3Begorrah the chaotic male human Rogue entered the dungeon
 1290: entered the Gnomish Mines
 1372: attained the rank of Cutpurse (level 3)
 1751: killed by a cave spider, while sleeping

You didn't know any spells.

Skills:
 Fighting Skills
   bare handed combat [Unskilled]
   two weapon combat  [Unskilled]
   riding             [Unskilled]
 Weapon Skills
   dagger             [Basic]
   knife              [Unskilled]
   short sword        [Basic]
   broadsword         [Unskilled]
   long sword         [Unskilled]
   two-handed sword   [Unskilled]
   saber              [Unskilled]
   club               [Unskilled]
   mace               [Unskilled]
   morning star       [Unskilled]
   flail              [Unskilled]
   hammer             [Unskilled]
   polearms           [Unskilled]
   spear              [Unskilled]
   crossbow           [Unskilled]
   dart               [Unskilled]
   shuriken           [Unskilled]
 Spellcasting Skills
   divination spells  [Unskilled]
   escape spells      [Unskilled]
   matter spells      [Unskilled]

Voluntary challenges:
 Character rerolling was not enabled.
 You followed a strict vegan diet.
 You were an atheist.
 You never genocided any monsters.
 You never polymorphed an object.
 You never changed form.
 You used no wishes.
Achievements:
 You entered a shop.
 You entered the Gnomish Mines.
 You attained the rank of Cutpurse.

 The Dungeons of Doom: levels 1 to 6
    Level 1:
       A grave.
    Level 2:
       A tool shop, a fountain.
    Level 3:
       Stairs down to The Gnomish Mines.
    Level 4:
       Some fountains.
    Level 5:
    Level 6: <- You were here.
       A sink.
       Final resting place for
          you, killed by a cave spider, while sleeping.
 The Gnomish Mines:
    Level 4:


Vanquished creatures:
  a floating eye
  a rothe
  a dwarf zombie
 an iguana
  a gas spore
  2 giant rats
  a yellow mold
  2 geckos
  2 jackals
  a fox
  a goblin
  3 grid bugs
  3 lichens
  a kobold zombie
  6 newts
27 creatures vanquished.

No species were genocided or became extinct.

Game over:
                       ----------
                      /          \
                     /    REST    \
                    /      IN      \
                   /     PEACE      \
                  /                  \
                  |   Ch3Begorrah    |
                  |      87 Au       |
                  | killed by a cave |
                  |      spider      |
                  |                  |
                  |                  |
                  |       2026       |
                 *|     *  *  *      | *
        _________)/\\_//(\/(/\)/\//\/|_)_______

Goodbye Ch3Begorrah the Rogue...

You died in The Dungeons of Doom on dungeon level 6 with 619 points,
and 87 pieces of gold, after 1751 moves.
You were level 3 with a maximum of 20 hit points when you died.

